 Dungeon Crawl Stone Soup version 0.24-a0-10-gb84795d (webtiles) character file.

Game seed: 5859279809261964832

55988 galech the Cleaver (level 14, -6/116 HPs)
             Began as a Demonspawn Fighter on Jan 31, 2019.
             Was the Champion of Okawaru.
             Mangled by an ogre
             ... wielding a +0 giant club
              (8 damage)
             ... while paralysed by an ogre mage
             ... on level 15 of the Dungeon.
             The game lasted 00:30:04 (16838 turns).

galech the Cleaver (Demonspawn Fighter)            Turns: 16838, Time: 00:30:05

Health: -6/116     AC: 22    Str: 16    XL:     14   Next: 40%
Magic:  0/16       EV:  2    Int:  5    God:    Okawaru [******]
Gold:   1359       SH:  0    Dex: 29    Spells: 13/13 levels left

rFire    . . .     SeeInvis +   X - +4 broad axe (flame)
rCold    + . .     Gourm    .   c - +0 shield
rNeg     . . .     Faith    .   R - +3 ring mail "Juoclucw" {rC+ Int-5 Dex+5}
rPois    +         Spirit   +   G - +0 helmet
rElec    .         Reflect  .   Q - +1 cloak {rPois}
rCorr    .         Harm     .   J - +2 pair of gloves "Vesy" {Regen+ SInv}
MR       +....                  L - +0 pair of boots {Stlth+}
Stlth    +++++.....             V - amulet of guardian spirit
HPRegen  0.69/turn              M - +2 ring of dexterity
MPRegen  0.15/turn              N - +4 ring of dexterity

@: paralysed, heroism
A: claws 1, rugged brown scales 2, demonic guardian 2, powered by pain 2
a: Heroism, Finesse, Renounce Religion


You were on level 15 of the Dungeon.
You worshipped Okawaru.
Okawaru was exalted by your worship.
You were near starving.

You visited 1 branch of the dungeon, and saw 15 of its levels.
You also visited: Bailey.

You collected 1359 gold pieces.

Inventory:

Hand Weapons
 W - a +2 vampiric broad axe
 X - a +4 broad axe of flaming (weapon)
Armour
 a - a +2 hat of see invisible
 c - a +0 shield (worn)
 d - a +3 chain mail
 F - a scarf of cloud immunity
 G - a +0 helmet (worn)
 H - a +0 cloak
 J - the +2 pair of gloves "Vesy" (worn) {Regen+ SInv}
   (You found it on level 7 of the Dungeon)

   It lets you see invisible.
   It increases your rate of regeneration.
 K - +0 acid dragon scales
 L - a +0 pair of boots of stealth (worn)
 Q - a +1 cloak of poison resistance (worn)
 R - the +3 ring mail "Juoclucw" (worn) {rC+ Int-5 Dex+5}
   (You found it on level 12 of the Dungeon)

   It affects your intelligence (-5).
   It affects your dexterity (+5).
   It protects you from cold.
 S - a +2 robe of cold resistance
Jewellery
 k - an uncursed ring of flight
 M - a +2 ring of dexterity (left hand)
 N - a +4 ring of dexterity (right hand)
 V - an amulet of guardian spirit (around neck)
Wands
 t - a wand of paralysis (35)
 v - a wand of random effects (27)
 I - a wand of enslavement (6)
 Y - a wand of flame (29)
Scrolls
 b - 2 scrolls of fog
 e - 9 scrolls of teleportation
 i - 4 scrolls of immolation
 m - 4 scrolls of blinking
 p - 9 scrolls of identify
 w - 9 scrolls of amnesia
 y - 5 scrolls of fear
 A - 9 scrolls of remove curse
 B - a scroll of silence
 C - 2 scrolls of random uselessness
 D - 7 scrolls of enchant armour
 P - a scroll of enchant weapon
Potions
 g - 2 potions of magic {unknown}
 h - 3 potions of flight {unknown}
 j - 7 potions of curing {unknown}
 l - 2 potions of resistance
 n - 3 potions of lignification {unknown}
 q - 4 potions of agility {unknown}
 r - 2 potions of brilliance {unknown}
 s - 6 potions of degeneration {unknown}
 u - a potion of invisibility {unknown}
 x - 3 potions of mutation {unknown}
 z - 3 potions of haste {unknown}
 E - a potion of cancellation {unknown}
 O - a potion of might
 T - 3 potions of berserk rage {unknown}
 U - a potion of ambrosia {unknown}
Comestibles
 f - 29 rations


   Skills:
 + Level 10.7(15.7) Fighting
 + Level 14.6(19.6) Axes
 + Level 8.0(13.0) Armour
 + Level 6.3(11.3) Dodging
 + Level 4.5(9.5) Stealth
 + Level 11.3(16.3) Shields
 + Level 3.7 Invocations


You had 13 spell levels left.
You didn't know any spells.
Your spell library contained the following spells:

 Spells                   Type           Power        Failure   Level  Hunger
 Animate Skeleton         Necr           N/A          63%         1    ##.....
 Apportation              Tloc           #.....       63%         1    ##.....
 Confusing Touch          Hex            #.....       63%         1    ##.....
 Corona                   Hex            #......      63%         1    ##.....
 Freeze                   Ice            #...         63%         1    ##.....
 Pain                     Necr           #...         63%         1    ##.....
 Sandblast                Erth           #.....       63%         1    ##.....
 Shock                    Conj/Air       #...         63%         1    ##.....
 Summon Small Mammal      Summ           #...         63%         1    ##.....
 Passwall                 Tmut/Erth      #.......     77%         2    ###....
 Poisonous Vapours        Pois/Air       #.....       77%         2    ###....
 Slow                     Hex            #.......     77%         2    ###....
 Swiftness                Chrm/Air       #.......     77%         2    ###....
 Throw Flame              Conj/Fire      #.....       77%         2    ###....
 Throw Frost              Conj/Ice       #.....       77%         2    ###....
 Inner Flame              Hex/Fire       #.......     94%         3    ####...
 Ozocubu's Armour         Chrm/Ice       #.......     94%         3    ####...
 Portal Projectile        Hex/Tloc       #.....       94%         3    ####...
 Static Discharge         Conj/Air       #.......     94%         3    ####...
 Stone Arrow              Conj/Erth      #.....       94%         3    ####...
 Airstrike                Air            #.........   100%        4    #####..
 Cause Fear               Hex            #.........   100%        4    #####..
 Leda's Liquefaction      Hex/Erth       #.........   100%        4    #####..
 Petrify                  Tmut/Erth      #.......     100%        4    #####..
 Summon Ice Beast         Ice/Summ       #.......     100%        4    #####..
 Throw Icicle             Conj/Ice       #.......     100%        4    #####..
 Lee's Rapid Deconstruct  Erth           #.........   100%        5    ######.
 Lightning Bolt           Conj/Air       #.........   100%        5    ######.


Dungeon Overview and Level Annotations

Branches:
Dungeon (15/15)            Temple (0/1) D:6            Lair (0/6) D:9
    Orc (0/2) D:11         Vaults (0/5) D:14
 Depths: D:15

Altars:
Ashenzari
Cheibriados
Fedhas
Gozag
Kikubaaqudgha
Makhleb
Nemelex Xobeh
Okawaru
Qazlal
Ru
Sif Muna
Vehumet
Xom
Yredelemnul

Shops:
D:5 %   D:7 *   D:8 !


Innate Abilities, Weirdness & Mutations

You have sharp fingernails.
You are mostly covered in rugged brown scales. (AC +2, +5% HP)
A demonic guardian rushes to your aid.
You sometimes gain power by taking damage.


Message History

Your orange demon stings the ogre mage from afar!
The ogre mage hits you but does no damage.
Your orange demon stings the ogre mage from afar!
The two-headed ogre hits you with a +0 giant club!
* * * LOW HITPOINT WARNING * * *
You focus on the pain.
You feel your power returning.
The two-headed ogre hits you with a +0 giant spiked club!
* * * LOW HITPOINT WARNING * * *
Your orange demon stings the ogre mage!
The ogre mage looks as sick as possible!
Your orange demon poisons the ogre mage!
Your orange demon hits the ogre mage!
The ogre mage dies!
Okawaru accepts your kill.
The two-headed ogre hits you with a +0 giant club!
* * * LOW HITPOINT WARNING * * *
The two-headed ogre hits you with a +0 giant spiked club.
Your orange demon barely misses the two-headed ogre.
The ogre hits you with a +0 giant club!
You die...

#.#.# #.#.#
#.#.# #...#
########'#.#
#####
#....†..)..#
#....††....#
#......[...#
#..........#
#..(...4)).#
#..)...))@.#
#.......OO##
#......<..#
#..........
############


You could see a two-headed ogre, an ogre and a friendly orange demon.

Vanquished Creatures
  An entropy weaver (D:12)
  A hydra (D:14)
  2 ghost crabs (D:12)
  2 centaur warriors (D:14)
  4 two-headed ogres (D:15)
  A skeletal warrior (D:12)
  2 unseen horrors
  2 fire crabs (D:12)
  A wizard (D:15)
  4 deep elf magi
  12 ugly things
  A cyclops (D:14)
  3 manticores
  A guardian serpent (shapeshifter) (D:14)
  2 centaur zombies
  An apocalypse crab (D:12)
  A gargoyle (D:15)
  2 yaktaurs
  A redback zombie (D:14)
  3 kobold demonologists
  A komodo dragon (D:15)
  3 meliai (D:14)
  3 trolls
  2 hornets (D:12)
  Grinder (D:4)
  7 slime creatures (D:14)
  4 hippogriffs
  13 flying skulls (D:12)
  A shadow (D:10)
  4 wyverns
  11 yaks
  A vampire (D:15)
  A wraith (D:14)
  A basilisk (D:14)
  A steam dragon (D:11)
  4 vampire mosquitoes (D:12)
  2 acid dragons
  A water moccasin (D:7)
  16 orc warriors
  6 ogres
  A phantom (D:9)
  3 sky beasts
  5 ice beasts
  18 centaurs
  2 big kobolds (D:14)
  8 bullfrogs
  A wyvern skeleton (D:11)
  4 scorpions
  15 killer bees
  19 wights
  6 crimson imps
  3 hounds
  8 jellies
  2 quasits
  3 bullfrog skeletons
  4 centaur skeletons
  Crazy Yiuf (D:6)
  7 orc priests
  9 orc wizards
  3 iguanas
  14 worker ants
  A killer bee zombie (D:10)
  A hound skeleton (D:11)
  A mummy (D:4)
  4 worker ant zombies
  11 adders
  6 gnolls
  3 shadow imps
  An ooze (D:4)
  3 dart slugs
  3 worms
  5 leopard geckos
  56 orcs
  4 giant cockroaches
  8 goblins
  7 hobgoblins
  9 jackals
  2 quokkas
  4 ball pythons
  7 bats
  2 frilled lizards
  A hobgoblin zombie (D:4)
  14 kobolds
  3 kobold zombies (D:4)
  A leopard gecko skeleton (D:3)
  A quokka skeleton (D:6)
  A quokka zombie (D:6)
  6 rats
431 creatures vanquished.

Vanquished Creatures (collateral kills)
  Roxanne (D:14)
  An ironheart preserver (D:14)
  3 entropy weavers (D:12)
  A hydra (D:13)
  An ogre mage (D:15)
  2 ghost crabs (D:12)
  Erica (D:9)
  4 two-headed ogres
  A tengu warrior (D:14)
  Sonja (D:10)
  A skeletal warrior (D:12)
  2 fire crabs (D:12)
  A wizard (D:15)
  An orc knight (D:14)
  6 ugly things (D:15)
  The ghost of Arthanis the Arsonist, a novice DEFE (D:6)
  2 centaur zombies
  Psyche (D:9)
  A yaktaur (shapeshifter) (D:14)
  A troll (D:15)
  A slime creature (D:14)
  2 hippogriffs (D:7)
  4 flying skulls (D:12)
  Sigmund (D:4)
  7 yaks
  Eustachio (D:6)
  Menkaure (D:7)
  A soldier ant (D:9)
  2 water moccasins
  An orc warrior (D:9)
  A sky beast (D:9)
  An eye of draining (shapeshifter) (D:14)
  An eye of draining (D:10)
  A phantom (D:6)
  9 centaurs
  A big kobold (D:14)
  2 bullfrogs
  A wight (D:12)
  2 orc priests
  5 orc wizards
  2 worker ants (D:9)
  A killer bee zombie (D:5)
  A hound zombie (D:3)
  A gnoll (D:2)
  A leopard gecko (D:6)
  4 orcs
  4 giant cockroaches
92 creatures vanquished.

Vanquished Creatures (others)
  An entropy weaver (D:12)
  5 toadstools (D:1)
6 creatures vanquished.

Grand Total: 529 creatures vanquished

Notes
Turn   | Place    | Note
-------+----------+-------------------------------------------
     0 | D:1      | galech the Demonspawn Fighter began the quest for the Orb.
     0 | D:1      | Reached XP level 1. HP: 18/18 MP: 1/1
   109 | D:1      | Reached skill level 2 in Axes
   109 | D:1      | Gained mutation: A weak demonic guardian rushes to your
                  | aid. [demonic ancestry]
   109 | D:1      | Reached XP level 2. HP: 21/24 MP: 2/2
   571 | D:2      | Gained mutation: You sometimes gain a little power by
                  | taking damage. [demonic ancestry]
   571 | D:2      | Reached XP level 3. HP: 21/29 MP: 3/3
  1174 | D:2      | Reached skill level 1 in Dodging
  1188 | D:2      | Reached XP level 4. HP: 32/35 MP: 4/4
  1202 | D:2      | Found a sacrificial altar of Ru.
  1860 | D:2      | Found a deep blue altar of Sif Muna.
  1860 | D:2      | Found an ancient bone altar of Kikubaaqudgha.
  1943 | D:2      | Found a radiant altar of Vehumet.
  1945 | D:2      | Identified Kikubaaqudgha's Catalogue of Darkness
  2198 | D:3      | Reached XP level 5. HP: 36/41 MP: 5/5
  2207 | D:3      | Reached skill level 3 in Axes
  3048 | D:3      | Found a faded altar of an unknown god.
  3135 | D:4      | Noticed Sigmund
  3145 | D:4      | Killed Sigmund
  3145 | D:4      | Reached skill level 4 in Axes
  3145 | D:4      | Reached XP level 6. HP: 48/48 MP: 6/6
  3174 | D:4      | Noticed Grinder
  3197 | D:4      | Killed Grinder
  3197 | D:4      | Gained mutation: You sometimes gain power by taking damage.
                  | [demonic ancestry]
  3197 | D:4      | Reached XP level 7. HP: 19/54 MP: 7/7
  3530 | D:4      | You fall through a shaft!
  3530 | D:5      | Entered Level 5 of the Dungeon
  3533 | D:5      | Found a stormy altar of Qazlal.
  3595 | D:5      | Reached skill level 5 in Axes
  4081 | D:5      | Found Vojopsof's Food Emporium.
  4255 | D:4      | Found an iron altar of Okawaru.
  4266 | D:4      | Became a worshipper of Warmaster Okawaru
  4887 | D:6      | Found a runed translucent gate.
  4887 | D:6      | Found a runed translucent gate.
  4887 | D:6      | Found a runed translucent gate.
  4889 | D:6      | Noticed Arthanis's ghost (novice DEFE)
  4930 | D:6      | Gained mutation: A demonic guardian rushes to your aid.
                  | [demonic ancestry]
  4930 | D:6      | Reached XP level 8. HP: 61/61 MP: 8/8
  5033 | D:6      | Found a staircase to the Ecumenical Temple.
  5109 | D:6      | Reached skill level 6 in Axes
  5209 | D:6      | Found a basalt altar of Yredelemnul.
  5240 | D:6      | Noticed Eustachio
  5247 | D:6      | Killed Eustachio
  5377 | D:6      | Found a runed translucent door.
  5378 | D:6      | Noticed Crazy Yiuf
  5446 | D:6      | Reached * piety under Okawaru
  5450 | D:6      | Reached skill level 5 in Shields
  5517 | D:6      | Found a blossoming altar of Fedhas.
  5521 | D:6      | Reached skill level 5 in Fighting
  5581 | D:6      | Killed Arthanis's ghost
  5581 | D:6      | Reached ** piety under Okawaru
  5581 | D:6      | Reached skill level 7 in Axes
  5638 | D:6      | Killed Crazy Yiuf
  5686 | D:7      | Noticed a hippogriff
  5690 | D:7      | Killed a hippogriff
  5690 | D:7      | Gained mutation: You have sharp fingernails. [demonic
                  | ancestry]
  5690 | D:7      | Reached XP level 9. HP: 66/68 MP: 9/9
  5842 | D:7      | Got a pair of ichor-stained gloves
  5853 | D:7      | Identified the +2 pair of gloves "Vesy" {Regen+ SInv} (You
                  | found it on level 7 of the Dungeon)
  5941 | D:7      | Found Wyxeh's Serpentskin Sales.
  5950 | D:7      | Reached skill level 5 in Armour
  5992 | D:7      | Found a burning altar of Makhleb.
  6011 | D:7      | Noticed Menkaure
  6020 | D:7      | Killed Menkaure
  6239 | D:7      | Reached skill level 8 in Axes
  6485 | D:8      | Found a snail-covered altar of Cheibriados.
  6521 | D:8      | Found Ydoid's Distillery.
  6528 | D:8      | Found an opulent altar of Gozag.
  6580 | D:8      | Reached *** piety under Okawaru
  6732 | D:8      | Found a shattered altar of Ashenzari.
  6732 | D:8      | Found a sparkling altar of Nemelex Xobeh.
  7298 | D:9      | Found a runed translucent door.
  7304 | D:9      | Found a runed translucent door.
  7410 | D:9      | Reached **** piety under Okawaru
  7410 | D:9      | Reached skill level 1 in Stealth
  7412 | D:9      | Reached skill level 9 in Axes
  7412 | D:9      | Reached XP level 10. HP: 77/77 MP: 10/10
  7505 | D:9      | Reached ***** piety under Okawaru
  7546 | D:9      | Found a staircase to the Lair.
  7561 | D:9      | Noticed Erica
  7571 | D:9      | Killed Erica
  7571 | D:9      | Received a gift from Okawaru
  7670 | D:9      | Noticed Psyche
  7675 | D:9      | Killed Psyche
  7698 | D:9      | Found a deep blue altar of Sif Muna.
  8082 | D:9      | Found a snail-covered altar of Cheibriados.
  8085 | D:9      | Found a white marble altar of Elyvilon.
  8085 | D:9      | Found a shimmering altar of Xom.
  8087 | D:9      | Found a snail-covered altar of Cheibriados.
  8087 | D:9      | Found a snail-covered altar of Cheibriados.
  8087 | D:9      | Found a sparkling altar of Nemelex Xobeh.
  8200 | D:10     | Entered Level 10 of the Dungeon
  8215 | D:10     | Noticed a two-headed ogre
  8223 | D:10     | Killed a two-headed ogre
  8223 | D:10     | Reached skill level 10 in Axes
  8286 | D:10     | You fall through a shaft for 2 floors!
  8468 | D:12     | Reached XP level 11. HP: 86/86 MP: 11/11
  8662 | D:11     | Found a flagged portal.
  8699 | Bailey   | Entered a bailey
  9566 | Bailey   | Received a gift from Okawaru
  9909 | D:11     | Found a staircase to the Orcish Mines.
 10099 | D:11     | Noticed an unseen horror
 10124 | D:11     | Killed an unseen horror
 10143 | D:11     | Reached skill level 11 in Axes
 10144 | D:11     | You fall through a shaft for 3 floors!
 10153 | D:14     | Reached skill level 1 in Invocations
 10485 | D:10     | Noticed a two-headed ogre
 10496 | D:10     | Killed a two-headed ogre
 10559 | D:10     | Found a shattered altar of Ashenzari.
 10570 | D:10     | Noticed a two-headed ogre
 10580 | D:10     | Killed a two-headed ogre
 10979 | D:10     | Noticed an unseen horror
 10982 | D:10     | Noticed Sonja
 10991 | D:10     | Killed Sonja
 10991 | D:10     | Received a gift from Okawaru
 11011 | D:10     | Killed an unseen horror
 11011 | D:10     | Gained mutation: You are partially covered in rugged brown
                  | scales. (AC +1, +3% HP) [demonic ancestry]
 11011 | D:10     | Reached XP level 12. HP: 51/96 MP: 10/13
 11609 | D:11     | Found a blossoming altar of Fedhas.
 12277 | D:12     | Received a gift from Okawaru
 12354 | D:12     | Found a runed translucent door.
 12407 | D:12     | Reached skill level 12 in Axes
 12446 | D:12     | Got a faintly humming ring mail
 12457 | D:12     | Identified the +3 ring mail "Juoclucw" {rC+ Int-5 Dex+5}
                  | (You found it on level 12 of the Dungeon)
 12543 | D:12     | Reached skill level 10 in Shields
 12609 | D:12     | Found the +3 giant club "Skullcrusher" {speed, Str+7}
 13133 | D:12     | Noticed an entropy weaver
 13162 | D:12     | Killed an entropy weaver
 13253 | D:12     | Noticed an entropy weaver
 13522 | D:12     | Killed an entropy weaver
 13522 | D:12     | Received a gift from Okawaru
 13605 | D:12     | Noticed an entropy weaver
 13612 | D:12     | Noticed a ghost crab
 13621 | D:12     | Killed an entropy weaver
 13626 | D:12     | Killed a ghost crab
 13769 | D:12     | Noticed a ghost crab
 13771 | D:12     | Noticed an entropy weaver
 13774 | D:12     | Noticed a ghost crab
 13775 | D:12     | Killed a ghost crab
 13834 | D:12     | Killed an entropy weaver
 13936 | D:12     | Killed a ghost crab
 14000 | D:12     | Noticed a ghost crab
 14030 | D:12     | Killed a ghost crab
 14030 | D:12     | Reached skill level 5 in Dodging
 14101 | D:12     | Noticed an entropy weaver
 14108 | D:12     | Killed an entropy weaver
 14108 | D:12     | Received a gift from Okawaru
 14108 | D:12     | Reached XP level 13. HP: 89/104 MP: 12/15
 14839 | D:14     | Reached skill level 13 in Axes
 14907 | D:14     | Identified the Reference Book on Nocuous Ignition
 15130 | D:14     | Noticed Roxanne
 15161 | D:14     | Killed Roxanne
 15161 | D:14     | Received a gift from Okawaru
 15161 | D:14     | Reached skill level 10 in Fighting
 15513 | D:14     | Found a gate to the Vaults.
 15513 | D:14     | Noticed an ironheart preserver
 15527 | D:14     | Killed an ironheart preserver
 15527 | D:14     | Reached ****** piety under Okawaru
 15529 | D:14     | Received a gift from Okawaru
 16045 | D:15     | Entered Level 15 of the Dungeon
 16142 | D:15     | Gained mutation: You are mostly covered in rugged brown
                  | scales. (AC +2, +5% HP) [demonic ancestry]
 16142 | D:15     | Reached XP level 14. HP: 96/116 MP: 16/16
 16254 | D:15     | Reached skill level 14 in Axes
 16834 | D:15     | Paralysed by an ogre mage for 6 turns
 16837 | D:15     | HP: 2/116 [two-headed ogre/+0 giant club (8)]
 16838 | D:15     | Mangled by an ogre

Vault maps used:
D:1:      ldierk_walled_garden, minmay_bisected
D:2:      grunt_temple_overflow_magic_moments,
          nicolae_ru_great_annihilating_truth
D:3:      first_ration, serial_undead, serial_undead_e, serial_undead_c,
          serial_undead_e, serial_undead_a, chequers_ecumenical_altar_island
D:4:      kennysheep_mini, minmay_mini_ossuary, uniq_sigmund, uniq_grinder
D:5:      lemuel_crystal_altar, serial_shops, shop
D:6:      lemuel_doored_altar, temple_green, gammafunk_ghost_split, basic_altar,
          minmay_misc_feat_rows, uniq_eustachio, uniq_crazy_yiuf_cottage
D:7:      nicolae_overflow_hidden_temple, grunt_ogre_cave, guppyfry_shop_venom,
          uniq_menkaure
D:8:      nicolae_gozag_cash_rules_everything_around_me, cheibriados_altar_1,
          gammafunk_temple_overflow_pools, serial_shops, shop
D:9:      lemuel_insect_pit, doesnt_xom_only_xom, lemuel_centaur_altar,
          uniq_psyche, uniq_erica
D:10:     ashenzari_altar_1, uniq_sonja
D:11:     minmay_general_purpose_star, enter_bailey_3, basic_altar
D:12:     gammafunk_mikee_crab_dinner, minmay_guarded_unrand_skullcrusher
D:14:     hangedman_cross_stitches, skrybe_vaults_entry_preservation,
          uniq_roxanne
D:15:     grunt_enter_depths_magical_seal
Bailey:   bailey_polearm_flooded_kennysheep, bailey

Skill      XL: |  1  2  3  4  5  6  7  8  9 10 11 12 13 14 |
---------------+-------------------------------------------+-----
Axes           | 2 4 5 7 9 10 11 12 13 14 | 14.6
Shields        | 3 4 5 6 7 9 10 11 | 11.3
Dodging        | 1 2 3 5 6 |  6.3
Armour         | 3 4 5 6 7 8 |  8.0
Fighting       | 4 5 6 7 8 9 10 | 10.7
Stealth        | 1 2 4 |  4.5
Invocations    | 1 3 |  3.7

Action                   |  1- 3 |  4- 6 |  7- 9 | 10-12 | 13-15 || total
-------------------------+-------+-------+-------+-------+-------++-------
Melee: War axe           |    80 |   178 |   386 |   494 |       ||  1138
       Hand axe          |       |       |       |   573 |       ||   573
       Broad axe         |       |       |       |    41 |   370 ||   411
Invok: Heroism           |       |       |     1 |    21 |    10 ||    32
  Use: Scroll            |       |     8 |       |    10 |       ||    18
       Potion            |       |     1 |     2 |     2 |     1 ||     6
 Stab: Paralysed         |       |     1 |       |       |       ||     1
       Distracted        |       |       |     1 |     4 |     6 ||    11
       Sleeping          |       |       |       |     3 |    10 ||    13
  Eat: Chunk             |       |     8 |    14 |    19 |     8 ||    49
       Ration            |       |       |       |     1 |       ||     1
Armor: Scale mail        |    32 |    94 |    41 |       |       ||   167
       Chain mail        |       |       |   144 |   423 |       ||   567
       Plate armour      |       |       |       |     4 |       ||     4
       Ring mail         |       |       |       |    93 |   113 ||   206
Dodge: Dodged            |    24 |    72 |    96 |   372 |   172 ||   736
Block: Shield            |    48 |   113 |   225 |   773 |   191 ||  1350

Table legend:
 A = Non-vault XP
 B = Vault XP
 C = Vault XP percentage of total XP
 D = Non-vault monster count
 E = Vault monster count
 F = Vault count percentage of total count
                 A         B        C        D         E       F
            +---------+---------+-------+---------+---------+-------
      Total |   42675 |   37309 |  46.6 |     369 |     155 |  29.6
            +---------+---------+-------+---------+---------+-------
        D:1 |      44 |       1 |   2.2 |      19 |       1 |   5.0
        D:2 |      75 |      44 |  37.0 |      14 |       5 |  26.3
        D:3 |     180 |      35 |  16.3 |      26 |       3 |  10.3
        D:4 |     138 |     437 |  76.0 |       7 |       7 |  50.0
        D:5 |     443 |       0 |   0.0 |      20 |       0 |   0.0
        D:6 |     875 |     421 |  32.5 |      20 |       6 |  23.1
        D:7 |     930 |     414 |  30.8 |      17 |       5 |  22.7
        D:8 |     350 |       0 |   0.0 |      10 |       0 |   0.0
        D:9 |    2997 |    1584 |  34.6 |      35 |      18 |  34.0
       D:10 |    4781 |     404 |   7.8 |      38 |       1 |   2.6
       D:11 |    4746 |     277 |   5.5 |      42 |       7 |  14.3
       D:12 |    2934 |   14563 |  83.2 |      21 |      33 |  61.1
       D:13 |    2586 |       0 |   0.0 |      19 |       0 |   0.0
       D:14 |    9403 |   10430 |  52.6 |      45 |      20 |  30.8
       D:15 |   12193 |    6484 |  34.7 |      36 |      10 |  21.7
     Bailey |       0 |    2215 | 100.0 |       0 |      39 | 100.0
            +---------+---------+-------+---------+---------+-------
